 Dungeon Crawl Stone Soup version 0.31-a0-145-g046c7d2549 (webtiles) character file.

Game seed: 10718582581178602083

177685 Pooter the Severer (level 17, -8/231 HPs)
             Began as a Minotaur Berserker on June 4, 2023.
             Was a High Priest of Trog.
             Killed from afar by a deep elf knight (16 damage)
             ... with a shard of ice
             ... on level 1 of the Elven Halls on June 5, 2023.
             The game lasted 02:49:10 (40420 turns).

Pooter the Severer (Minotaur Berserker)            Turns: 40420, Time: 02:49:11

Health: -8/231     AC: 21    Str: 32    XL:     17   Next: 55%
Magic:  16/16      EV: 13    Int:  6    God:    Trog [*****.]
Gold:   1959       SH:  5    Dex: 16    Spells: 16/16 levels left

rFire   + + .        a - +2 executioner's axe (heavy)
rCold   . . .        (shield currently unavailable)
rNeg    . . .        J - +1 plate armour
rPois   .            (helmet restricted)
rElec   +            c - +2 cloak {Stlth+}
rCorr   .            d - +1 pair of gloves "Teduf" {rF+ Dex+4}
SInv    +            (no boots)
Will    +++..        C - amulet of reflection Stlth
                     U - ring of Vunna {rElec rF+ Str+6}
HPRegen 1.58/turn    S - ring of see invisible
MPRegen 0.15/turn

%: reflection
@: berserking, strong-willed, regenerating, slowed
A: horns 2, retaliatory headbutt
a: Renounce Religion, Berserk, Trog's Hand, Brothers in Arms


You were on level 1 of the Elven Halls.
You worshipped Trog.
Trog was extremely pleased with you.
You visited 4 branches of the dungeon, and saw 23 of its levels.
You also visited: Trove and Gauntlet.

You collected 2404 gold pieces.
You spent 445 gold pieces at shops.

Inventory:

Hand Weapons
 a - a +2 heavy executioner's axe (weapon)
   (You found it in a treasure trove)
 b - a +0 arbalest
   (You took it off an orc knight on level 2 of the Orcish Mines)
 z - a +4 battleaxe of flaming
   (You found it in a treasure trove)
 E - a +5 morningstar of holy wrath
   (You found it in a treasure trove)
Missiles
 g - 4 silver boomerangs
 p - 29 poisoned darts
 r - 6 boomerangs (quivered)
 A - 2 silver javelins
 T - 15 javelins
 Z - 4 curare-tipped darts
Armour
 c - a +2 cloak of stealth (worn)
   (You found it in a Gauntlet)
 d - the +1 pair of gloves "Teduf" (worn) {rF+ Dex+4}
   (You found it in a Gauntlet)

   Dex:       It affects your dexterity (+4).
   rF:        It protects you from fire.
 v - +1 swamp dragon scales
   (You took it off Maggie on level 6 of the Dungeon)
 J - a +1 plate armour (worn)
   (You took it off an orc warrior on level 10 of the Dungeon)
 M - a scarf of harm
   (You found it on level 8 of the Dungeon)
Jewellery
 i - an amulet of regeneration
   (You found it in a treasure trove)
 s - a +5 ring of evasion
   (You found it on level 7 of the Dungeon)
 w - a ring of ice
   (You found it on level 7 of the Dungeon)
 C - an amulet of reflection (around neck)
   (You found it on level 7 of the Dungeon)
 H - the ring "Zeleokhlime" {rPois rF++}
   (You took it off a minotaur in a Gauntlet)

   [ring of poison resistance]

   rF:        It greatly protects you from fire.
   rPois:     It protects you from poison.
 K - a +6 ring of strength
   (You found it on level 11 of the Dungeon)
 O - the ring of Paranoia {Fly rN+}
   (You found it on level 4 of the Lair of Beasts)

   [ring of flight]

   rN:        It protects you from negative energy.
   Fly:       It grants you flight.
 P - a ring of poison resistance
   (You found it on level 4 of the Lair of Beasts)
 S - a ring of see invisible (right hand)
   (You bought it in a shop on level 2 of the Orcish Mines)
 U - the ring of Vunna (left hand) {rElec rF+ Str+6}
   (You acquired it on level 5 of the Dungeon)

   [ring of strength]

   Str:       It affects your strength (+6).
   rF:        It protects you from fire.
   rElec:     It insulates you from electricity.
 V - a +6 ring of dexterity
   (You found it on level 4 of the Lair of Beasts)
 X - an amulet of the acrobat
   (You found it on level 3 of the Lair of Beasts)
Wands
 f - a wand of flame (9)
   (You found it on level 11 of the Dungeon)
 l - a wand of roots (16)
   (You found it on level 2 of the Dungeon)
 u - a wand of paralysis (37)
   (You found it on level 5 of the Dungeon)
 x - a wand of acid (4)
   (You found it on level 9 of the Dungeon)
 D - a wand of digging (11)
   (You took it off a wight on level 10 of the Dungeon)
 L - a wand of mindburst (12)
   (You found it on level 10 of the Dungeon)
 W - a wand of polymorph (9)
   (You found it on level 1 of the Lair of Beasts)
Scrolls
 h - a scroll of poison {!r}
 m - 3 scrolls of silence
 n - 3 scrolls of fog
 q - 4 scrolls of fear
 t - 6 scrolls of teleportation {@r4}
 B - 4 scrolls of summoning
 I - 3 scrolls of magic mapping
 Q - a scroll of blinking
 Y - 3 scrolls of immolation {!r}
Potions
 e - 7 potions of curing {@q1}
 j - 3 potions of haste {@q3}
 k - 4 potions of mutation {!q}
 o - 3 potions of resistance
 y - a potion of lignification {!q}
 G - 2 potions of invisibility
 N - a potion of cancellation
 R - 7 potions of enlightenment


   Skills:
 + Level 14.8 Fighting
 * Level 18.8 Axes
 - Level 16.0 Ranged Weapons
 - Level 5.8 Throwing
 - Level 9.2 Armour
 - Level 10.2 Dodging
 - Level 10.4 Stealth
 - Level 8.6 Evocations


You had 16 spell levels left.
You didn't know any spells.
Your spell library was empty.

Dungeon Overview and Level Annotations

Branches:
Dungeon (15/15)            Temple (0/1) D:4            Lair (5/5) D:10
 Shoals (0/4) Lair:3        Snake (0/4) Lair:3        Slime (0/5) Lair:4
    Orc (2/2) D:11            Elf (1/3) Orc:2        Vaults (0/5) D:14
 Depths (0/4) D:15        Gauntlet (visited)

Altars:
Ashenzari
Cheibriados
Dithmenos
Elyvilon
Gozag
Hepliaklqana
Nemelex Xobeh
Okawaru
Qazlal
Sif Muna
Vehumet
Xom
Yredelemnul
Zin
Jiyva

Shops:
D:1 ?   D:11 [(   Orc:2 [*(=

Annotations:
D:3 1 runed translucent door, Crazy Yiuf
D:5 1 runed translucent door


Innate Abilities, Weirdness & Mutations

You have a pair of horns on your head.
You reflexively headbutt those who attack you in melee.


Message History

You kill the deep elf pyromancer!
Trog accepts your kill. Trog grants you a weapon!
Something appears at your feet!
You see here a +4 battleaxe of flaming.
Trog appreciates your killing of a magic user.
The fire elemental disappears in a puff of smoke!
You closely miss the deep elf knight.
The deep elf knight points at you and mumbles some strange words.
The lance of force hits you!
* * * LOW HITPOINT WARNING * * *
You are knocked back by the lance of force.
The deep elf knight casts a spell at you.
The shard of ice hits you!!
* * * LOW HITPOINT WARNING * * *
The deep elf archer unwields a +0 dagger.
The deep elf archer wields a +0 shortbow.
The deep elf archer shoots an arrow.
The arrow closely misses you.
The arrow closely misses the deep elf knight.
The deep elf archer unwields a +0 shortbow.
The deep elf archer wields a +0 dagger.
The deep elf archer barely misses you.
The deep elf knight casts a spell at you.
The shard of ice hits you!
* * * LOW HITPOINT WARNING * * *
The deep elf archer hits you but does no damage.
You slice the deep elf archer like a ripe choko!!!
You kill the deep elf archer!
Trog accepts your kill.
Trog appreciates your killing of a magic user.
You closely miss the deep elf knight.
Your headbutt misses the deep elf knight.
The deep elf knight hits you but does no damage.
The deep elf knight hits you with a +0 short sword!
* * * LOW HITPOINT WARNING * * *
The deep elf knight gestures at you while chanting.
The shard of ice hits you!
* * * LOW HITPOINT WARNING * * *
The deep elf knight hits you but does no damage.
A red film seems to cover your vision as you go berserk!
You feel yourself moving faster!
You feel mighty!
The deep elf knight hits you but does no damage. x2
The deep elf knight hits you with a +0 short sword!
* * * LOW HITPOINT WARNING * * *
You slash the deep elf knight! You slice the deep elf knight!!
The deep elf knight hits you but does no damage.
The deep elf knight casts a spell at you.
The shard of ice hits you!!
* * * LOW HITPOINT WARNING * * *
The deep elf knight points at you and mumbles some strange words.
The shard of ice hits you!
You die...

####### ## ##.....## .##
##.......## =.## #.........#
###
...#####........e#########...#
....'..'.......)@e..))...)...#
....####.........#########...#
....# #......)..# +## ?..##
##.....).## ..## ##'.....#)##
.## ##.####'###.## ## ##.##
#.# ##.## .# ##.## #.# ##.##
#.# ##.## #.# ##.## #.#


You could see 2 deep elf knights.

Vanquished Creatures
  Saint Roka (Orc:2)
  A sphinx (D:11)
  A deep elf sorcerer (Elf:1)
  Louise (D:15)
  2 minotaurs
  Azrael (D:13)
  Snorg (D:13)
  An ettin (D:11)
  2 deep elf death magi (Elf:1)
  Josephine (Orc:1)
  The ghost of Palms the Geomancer, a journeyman DrEE of Vehumet (Orc:2)
  An ice dragon (D:15)
  4 ogre magi
  A death knight (D:15)
  15 two-headed ogres
  A hydra (Lair:3)
  5 boulder beetles
  8 centaur warriors
  The ghost of Esekla the Covert, a journeyman OpDe of Gozag (D:11)
  2 dancing weapons (Elf:1)
  4 catoblepae
  18 death yaks
  An orc high priest (Orc:2)
  Urug (Lair:4)
  Nergalle (Lair:2)
  Amaemon (D:8)
  Sonja (Lair:5)
  5 deep elf knights
  A skyshark (Lair:3)
  A skeletal warrior (D:14)
  A flayed ghost (D:15)
  A wizard (D:11)
  5 deep elf archers (Elf:1)
  Pikel (D:5)
  10 deep elf zephyrmancers
  15 deep elf pyromancers
  A necromancer (Gauntlet)
  3 orc knights (Orc:2)
  A wolf spider (D:15)
  4 orc sorcerers (Orc:2)
  8 ugly things
  5 manticores
  7 cyclopes
  Maurice (D:13)
  4 black mambas
  Joseph (D:7)
  10 elephants
  2 torpor snails
  An orange demon (D:8)
  The ghost of Pimp the Poker, a novice MfFi of Cheibriados (D:5)
  3 gargoyles
  3 centaur skeletons (D:14)
  Maggie (D:6)
  4 komodo dragons
  16 cane toads
  An unseen horror (D:10)
  A kobold demonologist (D:12)
  2 tengu conjurers (D:14)
  4 rime drakes
  A yaktaur (D:15)
  A freezing wraith (D:15)
  A meliai (shapeshifter) (D:14)
  2 queen bees
  9 trolls
  3 polar bears
  10 blink frogs
  A dream sheep (Lair:5)
  A snapping turtle (shapeshifter) (D:15)
  10 slime creatures
  2 vampires
  5 wyverns
  2 water elementals
  Sigmund (D:4)
  2 shadows
  4 wraiths (Orc:1)
  3 basilisks
  6 fire elementals
  Grum (D:8)
  73 yaks
  A golden eye (shapeshifter) (D:15)
  15 vampire mosquitoes
  2 wargs (Orc:2)
  2 acid dragons
  A naga (Lair:3)
  16 water moccasins
  Duvessa (D:4)
  3 ice beasts
  19 orc warriors
  A black bear (D:7)
  2 sky beasts (D:8)
  16 ogres
  15 centaurs
  3 lemures (D:5)
  17 wolves
  A kobold brigand (D:6)
  A gnoll sergeant (D:8)
  4 scorpions
  13 bullfrogs
  11 wights
  Dowan (D:4)
  52 killer bees
  A howler monkey (D:5)
  An electric eel (Lair:4)
  23 orc priests
  2 jellies
  3 gnoll boudas
  2 hounds
  A sleepcap (D:6)
  5 iguanas
  23 orc wizards
  A boggart skeleton (D:14)
  10 gnolls
  5 adders
  2 river rats
  3 white imps
  4 worms
  2 dart slugs
  51 orcs
  6 endoplasms
  5 giant cockroaches
  2 goblins
  11 hobgoblins
  9 kobolds
  A quokka (D:5)
  7 ball pythons
  8 bats
  5 frilled lizards
  5 rats
  A butterfly (Lair:4)
736 creatures vanquished.

Vanquished Creatures (collateral kills)
  An ugly thing (D:11)
1 creature vanquished.

Vanquished Creatures (others)
  A centaur (D:13)
  A shadow imp (D:7)
2 creatures vanquished.

Grand Total: 739 creatures vanquished

Notes
Turn   | Place    | Note
-------+----------+-------------------------------------------
     0 | D:1      | Pooter the Minotaur Berserker began the quest for the Orb.
     0 | D:1      | Reached XP level 1. HP: 19/19 MP: 0/0
   229 | D:1      | Reached XP level 2. HP: 27/27 MP: 1/1
   289 | D:1      | Reached skill level 4 in Axes
   290 | D:1      | Reached skill level 1 in Stealth
   521 | D:1      | Found Wiufig's Magic Scroll Emporium.
  1163 | D:1      | Bought a scroll of identify for 20 gold pieces
  1295 | D:1      | Bought a scroll of identify for 20 gold pieces
  1368 | D:2      | Reached XP level 3. HP: 33/33 MP: 2/2
  2134 | D:3      | Reached ** piety under Trog
  2194 | D:3      | Reached XP level 4. HP: 17/40 MP: 3/3
  2395 | D:3      | Reached skill level 5 in Axes
  2424 | D:3      | Reached XP level 5. HP: 47/47 MP: 4/4
  2465 | D:3      | Found a hazy altar of Hepliaklqana.
  2792 | D:1      | Bought a scroll of brand weapon for 95 gold pieces
  2858 | D:3      | Found a faded altar of an unknown god.
  3349 | D:3      | Found a runed translucent door.
  3350 | D:3      | Noticed Crazy Yiuf
  3390 | D:4      | Noticed an ice beast
  3429 | D:4      | Killed an ice beast
  3430 | D:4      | Reached skill level 6 in Axes
  3430 | D:4      | Reached XP level 6. HP: 55/55 MP: 5/5
  3483 | D:4      | Noticed Sigmund
  3484 | D:4      | Noticed Dowan
  3488 | D:4      | Noticed Duvessa
  3492 | D:4      | Killed Duvessa
  3493 | D:4      | Reached skill level 5 in Fighting
  3505 | D:4      | Killed Dowan
  3509 | D:4      | Killed Sigmund
  3510 | D:4      | Reached skill level 7 in Axes
  3510 | D:4      | Reached XP level 7. HP: 61/61 MP: 6/6
  3569 | D:4      | Found a staircase to the Ecumenical Temple.
  3935 | D:5      | Entered Level 5 of the Dungeon
  4138 | D:5      | Found a sparkling altar of Nemelex Xobeh.
  4142 | D:5      | Reached skill level 5 in Stealth
  4180 | D:5      | Noticed Pikel
  4191 | D:5      | Killed Pikel
  4192 | D:5      | Reached skill level 8 in Axes
  4192 | D:5      | Reached XP level 8. HP: 71/71 MP: 7/7
  4256 | D:5      | Found a runed translucent door.
  4259 | D:5      | Noticed Pimp's ghost (novice MfFi)
  4340 | D:5      | Identified a scroll of acquirement
  4341 | D:5      | Acquired the ring of Vunna {rElec rF+ Str+6}
  4357 | D:5      | Reached skill level 9 in Axes
  4404 | D:5      | Found a runed translucent door.
  4759 | D:5      | Killed Pimp's ghost
  5016 | D:6      | Reached XP level 9. HP: 79/79 MP: 8/8
  5109 | D:6      | Reached skill level 13 in Axes
  5109 | D:6      | Reached XP level 10. HP: 86/86 MP: 9/9
  5178 | D:6      | Found a snail-covered altar of Cheibriados.
  5324 | D:6      | Noticed Maggie
  5338 | D:6      | Killed Maggie
  6460 | D:7      | Noticed Joseph
  6471 | D:7      | Killed Joseph
  6472 | D:7      | Reached skill level 14 in Axes
  7059 | D:8      | Found a white marble altar of Elyvilon.
  7470 | D:8      | Noticed Amaemon
  7473 | D:8      | Noticed an orange demon
  7483 | D:8      | Killed Amaemon
  7487 | D:8      | Killed an orange demon
  7488 | D:8      | Reached XP level 11. HP: 94/94 MP: 10/10
  7621 | D:8      | Found an opulent altar of Gozag.
  8168 | D:8      | Noticed Grum
  8176 | D:8      | Reached skill level 10 in Ranged Weapons
  8178 | D:8      | Killed Grum
  8875 | D:9      | Found a shimmering blue altar of Sif Muna.
  9002 | D:9      | Noticed a centaur warrior
  9733 | D:9      | Killed a centaur warrior
  9971 | D:9      | Noticed a two-headed ogre
  9981 | D:9      | Killed a two-headed ogre
  9982 | D:9      | Reached skill level 15 in Axes
  9982 | D:9      | Reached skill level 5 in Armour
 10505 | D:9      | Found an iron altar of Okawaru.
 10518 | D:9      | Found a shadowy altar of Dithmenos.
 10520 | D:9      | Found a glowing silver altar of Zin.
 11112 | D:10     | Entered Level 10 of the Dungeon
 11423 | D:10     | Reached *** piety under Trog
 12813 | D:10     | Noticed a death yak
 12816 | D:10     | Noticed a death yak
 12852 | D:9      | Killed a death yak
 12875 | D:10     | Reached skill level 1 in Evocations
 12878 | D:10     | Noticed a death yak
 12892 | D:9      | Killed a death yak
 12960 | D:10     | Killed a death yak
 12961 | D:10     | Reached XP level 12. HP: 24/104 MP: 11/11
 13306 | D:10     | Found a staircase to the Lair.
 13504 | Lair:1   | Entered Level 1 of the Lair of Beasts
 13705 | Lair:1   | Noticed a boulder beetle
 13748 | Lair:1   | Killed a boulder beetle
 14023 | Lair:1   | Reached skill level 16 in Axes
 14723 | Lair:2   | Noticed Nergalle
 14733 | Lair:2   | Killed Nergalle
 14734 | Lair:2   | Reached skill level 10 in Fighting
 15625 | Lair:3   | Noticed an eight-headed hydra
 15631 | Lair:3   | Killed an eight-headed hydra
 15632 | Lair:3   | Reached XP level 13. HP: 114/114 MP: 12/12
 15957 | Lair:3   | Reached **** piety under Trog
 17553 | Lair:3   | Reached skill level 5 in Dodging
 19005 | Lair:3   | Found a staircase to the Snake Pit.
 19041 | Lair:3   | Found a staircase to the Shoals.
 19538 | Lair:4   | Noticed Urug
 19551 | Lair:4   | Killed Urug
 19558 | Lair:3   | Reached skill level 5 in Evocations
 20852 | Lair:4   | Found a viscous altar of Jiyva.
 20947 | Lair:4   | Found a staircase to the Slime Pits.
 21047 | Lair:4   | Reached XP level 14. HP: 124/124 MP: 13/13
 21668 | Lair:4   | Identified the ring of Paranoia {Fly rN+}
 21835 | Lair:5   | Entered Level 5 of the Lair of Beasts
 22101 | Lair:5   | Reached skill level 1 in Throwing
 22604 | Lair:5   | Noticed Sonja
 22615 | Lair:5   | Killed Sonja
 22938 | Lair:5   | Reached ***** piety under Trog
 23215 | Lair:5   | Identified the +7 ring mail "Femin" {Int+4}
 24324 | D:11     | Found a runed translucent gate.
 24324 | D:11     | Found a runed translucent gate.
 24324 | D:11     | Found a runed translucent gate.
 24635 | D:11     | Noticed Esekla's ghost (journeyman OpDe)
 24877 | D:11     | Found Nomag's Weapon Emporium.
 24889 | D:11     | Found a staircase to the Orcish Mines.
 24893 | D:11     | Found Pugejept's Armour Emporium.
 24914 | D:11     | Noticed a sphinx
 24920 | D:11     | Reached skill level 15 in Ranged Weapons
 24921 | D:11     | Killed a sphinx
 25728 | D:11     | Killed Esekla's ghost
 25820 | Orc:1    | Entered Level 1 of the Orcish Mines
 25956 | Orc:2    | Entered Level 2 of the Orcish Mines
 25992 | Orc:2    | Noticed Palms's ghost (journeyman DrEE)
 25993 | Orc:2    | Found a runed translucent door.
 26010 | Orc:2    | Found Dedghyu's Antique Weapon Boutique.
 26010 | Orc:2    | Noticed Saint Roka
 26156 | Orc:2    | Paralysed by an orc sorcerer for 4 turns
 26352 | Orc:2    | Found a gate leading to a gauntlet.
 26372 | Gauntlet | Entered a Gauntlet
 26372 | Gauntlet | Found a transporter.
 26372 | Gauntlet | Found a transporter.
 26380 | Gauntlet | Found a transporter.
 26380 | Gauntlet | Found a transporter.
 26394 | Gauntlet | Identified the ring "Gach" {rN+ AC+4 Int+3}
 26432 | Gauntlet | Found a transporter.
 26432 | Gauntlet | Found a transporter.
 26442 | Gauntlet | Found a transporter.
 26446 | Gauntlet | Found a runed translucent door.
 26447 | Gauntlet | Found a transporter.
 26447 | Gauntlet | Found a transporter.
 26447 | Gauntlet | Found a transporter.
 26513 | Gauntlet | Found a transporter.
 26516 | Gauntlet | Identified the +1 pair of gloves "Teduf" {rF+ Dex+4}
 26536 | Gauntlet | Found a transporter.
 26546 | Gauntlet | Identified the ring "Zeleokhlime" {rPois rF++}
 26613 | Gauntlet | Identified the +3 robe "Ivaerph" {rPois rCorr Int+2 SInv}
 26957 | Orc:1    | Paralysed by an ogre mage for 4 turns
 26967 | Orc:1    | Reached XP level 15. HP: 134/134 MP: 14/14
 27044 | Orc:1    | Found a radiant altar of Vehumet.
 27125 | Orc:1    | Noticed Josephine
 27154 | Orc:1    | Killed Josephine
 32662 | Orc:2    | Killed Saint Roka
 33463 | Orc:2    | Found Nekeex's Jewellery Boutique.
 33714 | Orc:2    | Found Comn's Antique Armour Boutique.
 33729 | Orc:2    | Found Fumpom Byp's General Store.
 33736 | Orc:2    | Bought a potion of haste for 130 gold pieces
 33745 | Orc:2    | Found a staircase to the Elven Halls.
 33884 | Orc:2    | Killed Palms's ghost
 33959 | Orc:2    | Bought a ring of see invisible for 180 gold pieces
 34167 | D:12     | Found a portal to a secret trove of treasure.
 34474 | D:12     | Found a broken altar of Ashenzari.
 34816 | D:13     | Noticed Azrael
 34822 | D:13     | Noticed Maurice
 34930 | D:13     | Killed Azrael
 34934 | D:13     | Killed Maurice
 35356 | D:13     | Noticed Snorg
 35370 | D:13     | Killed Snorg
 35706 | D:13     | Found an iron altar of Okawaru.
 36503 | D:13     | Reached skill level 10 in Stealth
 37407 | D:14     | Reached skill level 17 in Axes
 37648 | D:14     | Found a gate to the Vaults.
 38114 | D:15     | Entered Level 15 of the Dungeon
 38345 | D:15     | Noticed Louise
 38361 | D:15     | Killed Louise
 38535 | D:15     | Reached XP level 16. HP: 133/145 MP: 15/15
 38564 | D:15     | Found a basalt altar of Yredelemnul.
 38565 | D:15     | Found a shimmering altar of Xom.
 38566 | D:15     | Found a stormy altar of Qazlal.
 38925 | D:15     | Found a staircase to the Depths.
 39334 | D:12     | You paid a toll of +4 ice dragon scales to enter a treasure
                  | trove
 39335 | Trove    | Entered a treasure trove
 39355 | Trove    | Reached skill level 5 in Throwing
 39355 | Trove    | Reached skill level 10 in Dodging
 39355 | Trove    | Reached XP level 17. HP: 152/152 MP: 16/16
 39373 | Trove    | Identified the +5 long sword "Dragon's Tongue" {drain, MP+9
                  | Dex+4}
 39525 | Elf:1    | Entered Level 1 of the Elven Halls
 39669 | Elf:1    | Reached skill level 18 in Axes
 40415 | Elf:1    | Received a gift from Trog
 40420 | Elf:1    | HP: 8/231 [deep elf knight/shard of ice (20)]
 40420 | Elf:1    | Killed from afar by a deep elf knight

Illustrated notes

Levels and vault maps discovered:
D:1:      amcnicky_arrival_abandoned_market, layout_basic, serial_shops, shop,
          nicolae_eternal_life
D:2:      layout_loops_ring, chequers_serial_rivers_micro_a,
          kennysheep_generic_room_8
D:3:      layout_basic, nicolae_overflow_crystal_walls,
          ebering_ecumenical_altar_petrified, chequers_serial_rivers_micro_b,
          chequers_jeans, uniq_crazy_yiuf_cottage
D:4:      layout_cave_pools, minmay_temple_entry_statues_fountains,
          uniq_sigmund, uniq_duvessa
D:5:      layout_loops_cross, nemelex_xobeh_ov_fountains_minmay,
          ebering_ghost_sewer_f, uniq_pikel
D:6:      layout_basic, cheibriados_altar_1, sigmund_army, uniq_maggie
D:7:      layout_rooms, minmay_checkerbox, uniq_joseph
D:8:      minmay_razor_zed, layout_loops_ring, elyvilon_altar_4,
          grunt_gozag_statues, uniq_amaemon, uniq_grum
D:9:      layout_basic, kennysheep_orc_sif_temple, minitemple
D:10:     layout_cave_pools, dpeg_lair_monsters, chequers_decorated_corner
D:11:     minmay_glassy_protrusions, layout_loops_ring, orc_david_3,
          maelrawn_ghost_gauntlet_escape
D:12:     layout_gridville, nicolae_trove_entry_diagonal,
          evilmike_ruin_ashenzari
D:13:     layout_rooms, hellmonk_okawaru_the_only_friend_you_need, uniq_snorg,
          uniq_azrael, uniq_maurice
D:14:     layout_long_grid, hangedman_vaults_entry_quadrant_bands,
          kennysheep_small_spiral, minivault_4, grunt_ministairs_3,
          grunt_decor_one_mirror
D:15:     hangedman_slaughterboxes, uniq_louise
Lair:1:   layout_cave_pods, lemuel_fruit_fields
Lair:2:   layout_long_grid, grunt_megastairs_5, uniq_nergalle
Lair:3:   regret_index_wax_grids, layout_cave_pods, shoals_dummy_entry,
          guppyfry_snake_entry_island
Lair:4:   layout_concentric_octagons, minmay_slime_entry_pillars,
          infiniplex_staircase_pool, lemuel_fruit_fields, uniq_urug
Lair:5:   evilmike_catoblepas_cave, layout_cave_shapes,
          chequers_serial_rivers_large_b, serial_bayou_pond_b,
          minmay_hedge_maze, uniq_sonja
Orc:1:    layout_caves, basic_altar, uniq_josephine
Orc:2:    grunt_orc_cross, layout_diamond_mine, hellmonk_ghost_happy_afterlife,
          gauntlet_entry_generic
Elf:1:    eino_elf_arrival_shootout, layout_geoelf_grid, minmay_elf_necromancy,
          uniq_asterion

Skill      XL: |  1  2  3  4  5  6  7  8  9 10 11 12 13 14 15 16 17 |
---------------+----------------------------------------------------+-----
Axes           | 4 5 6 7 8 9 13 14 15 16 17 18 | 18.8
Stealth        | 1 2 3 4 5 6 7 8 9 10 | 10.4
Fighting       | 4 5 6 7 8 9 10 11 12 13 14 | 14.8
Ranged Weapons | 8 9 11 12 14 15 16 | 16.0
Armour         | 4 6 7 9 |  9.2
Evocations     | 1 3 5 6 7 8 |  8.6
Dodging        | 4 6 7 9 10 | 10.2
Throwing       | 4 5 |  5.8

Action                     |  1- 3 |  4- 6 |  7- 9 | 10-12 | 13-15 | 16-18 || total
---------------------------+-------+-------+-------+-------+-------+-------++-------
  Melee: Hand axe          |    42 |       |       |       |       |       ||    42
         Headbutt          |     9 |     4 |    14 |    65 |   154 |    32 ||   278
         War axe           |    51 |    56 |    91 |   340 |   437 |       ||   975
         Punch             |       |       |       |     5 |     8 |       ||    13
         Battleaxe         |       |       |       |       |   192 |    59 ||   251
         Executioner's axe |       |       |       |       |       |    76 ||    76
   Fire: Orcbow            |       |       |       |   306 |   454 |       ||   760
         Arbalest          |       |       |       |       |   230 |    77 ||   307
  Throw: Stone             |     4 |     2 |       |       |       |       ||     6
         Boomerang         |       |     7 |       |    15 |     2 |     6 ||    30
         Dart              |       |       |       |    13 |    12 |       ||    25
 Invoke: Trog's Hand       |     1 |     4 |     2 |    14 |    26 |     6 ||    53
         Berserk           |       |     2 |     3 |    18 |    21 |     2 ||    46
         Brothers in Arms  |       |       |       |       |     3 |       ||     3
  Evoke: Wand              |       |     3 |     3 |     4 |    16 |     3 ||    29
    Use: Scroll            |     6 |     4 |     5 |    14 |    17 |     6 ||    52
         Potion            |       |       |     1 |     1 |     3 |     2 ||     7
   Stab: Sleeping          |       |       |       |     4 |     2 |     1 ||     7
         Distracted        |       |       |       |     1 |     1 |       ||     2
         Invisible         |       |       |       |       |    12 |       ||    12
         Paralysed         |       |       |       |       |     3 |       ||     3
 Armour: Animal skin       |    12 |       |       |       |       |       ||    12
         Scale mail        |    21 |     9 |       |       |       |       ||    30
         Chain mail        |       |    19 |    53 |     5 |       |       ||    77
         Swamp dragon scal |       |       |       |   117 |   171 |    14 ||   302
         Plate armour      |       |       |       |       |       |    36 ||    36
  Dodge: Dodged            |    55 |    19 |    41 |   267 |   458 |    83 ||   923
  Block: Buckler           |     3 |     8 |     6 |       |       |       ||    17
         Other             |       |       |       |    55 |    75 |    25 ||   155
         Reflection        |       |       |       |     5 |     9 |     2 ||    16

Table legend: (Time is in decaauts)
 A = Elapsed time spent in this place.
 B = Non-inter-level travel time spent in this place.
 C = Inter-level travel time spent in this place.
 D = Time resting spent in this place.
 E = Time spent auto-exploring this place.
 F = Levels seen in this place.
 G = Mean time per level.
                   A        B        C        D        E       F      G
               +--------+--------+--------+--------+--------+-----+--------+
         Total |  40586 |  39143 |   1443 |  20285 |  13450 |  25 | 1623.4 |
       Dungeon |  20658 |  19631 |   1027 |   8068 |   8760 |  15 | 1377.2 |
          Lair |  10670 |  10400 |    270 |   5644 |   3384 |   5 | 2134.0 |
  Orcish Mines |   7947 |   7803 |    144 |   6266 |    780 |   2 | 3973.5 |
   Elven Halls |    923 |    923 |      0 |    188 |    485 |   1 |  923.0 |
         Trove |    109 |    109 |      0 |      0 |     27 |   1 |  109.0 |
      Gauntlet |    277 |    277 |      0 |    117 |     13 |   1 |  277.0 |
               +--------+--------+--------+--------+--------+-----+--------+

Top non-repeatable levels by time:
   Orc:2: 7133 daAuts
  Lair:3: 3432 daAuts
     D:9: 2895 daAuts
  Lair:5: 2332 daAuts
  Lair:4: 2182 daAuts
     D:8: 1933 daAuts
    D:10: 1840 daAuts
    D:14: 1748 daAuts
  Lair:2: 1628 daAuts
    D:11: 1565 daAuts
    D:13: 1363 daAuts
     D:6: 1266 daAuts
     D:3: 1211 daAuts
     D:2: 1172 daAuts
    D:15: 1171 daAuts
